 Dungeon Sprint DCSS version 0.28-a0-1387-g3a22ab9bdc (webtiles) character file.

Game seed: 11846235180443037827

2552 mhtbhm the Basher (level 9, -1/55 HPs)
             Began as a Gargoyle Berserker on Jan 2, 2022.
             Was a High Priest of Trog.
             Slain by a tentacle (19 damage)
             ... attached to a kraken
             ... in the Dungeon (Sprint II: "The Violet Keep of Menkaure").
             The game lasted 00:04:18 (2403 turns).

mhtbhm the Basher (Gargoyle Berserker)              Turns: 2403, Time: 00:04:19

Health: -1/55      AC: 12    Str: 24    XL:     9   Next: 56%
Magic:  9/9        EV: 13    Int:  7    God:    Trog [*****.]
Gold:   319        SH:  5    Dex:  9    Spells: 8/8 levels left

rFire   + . .      SeeInvis .   a - +0 mace
rCold   . . .      Faith    .   (no shield)
rNeg    + . .      Spirit   .   b - +0 ring mail
rPois   ∞          Reflect  +   (no helmet)
rElec   +          Harm     .   (no cloak)
rCorr   .          Rampage  .   w - +0 pair of gloves
Will    .....      Rage     1%  j - +0 pair of boots {Fly}
Stlth   +......... NoTele   +   k - amulet of reflection
HPRegen 0.18/turn               i - ring of protection from fire
MPRegen 0.11/turn               (no ring)

@: on berserk cooldown, flying, slowed, unable to read, very slow
A: sickness immunity, AC +6, negative energy resistance 1, electricity
resistance, torment resistance 1, petrification resistance, berserk 1, deformed
body, dopey 1, frail 2, inability to read while threatened
a: Renounce Religion, Berserk, Trog's Hand, Brothers in Arms


You were in the Dungeon.
You worshipped Trog.
Trog was extremely pleased with you.
You visited 1 branch You collected 1144 gold pieces.
You spent 825 gold pieces at shops.

Inventory:

Hand Weapons
 a - a +0 mace (weapon)
Armour
 b - a +0 ring mail (worn)
 j - a +0 pair of boots of flying (worn)
 v - an orb of light
 w - a +0 pair of gloves (worn)
Jewellery
 i - a ring of protection from fire (left hand)
 k - an amulet of reflection (around neck)
 m - an amulet of magic regeneration
Scrolls
 h - 2 scrolls of blinking
 n - 2 scrolls of vulnerability {unknown}
 o - a scroll of enchant armour {unknown}
 p - a scroll of summoning {unknown}
 r - 3 scrolls of identify {unknown}
 s - a scroll of silence {unknown}
 t - a scroll of fog {unknown}
Potions
 c - 2 potions of curing
 d - 2 potions of heal wounds
 e - 2 potions of haste
 f - 5 potions of magic
 g - a potion of berserk rage
 l - 5 potions of flight {unknown}
 q - 2 potions of might {unknown}
 u - 3 potions of resistance {unknown}


   Skills:
 + Level 14.0 Fighting
 + Level 14.2 Maces & Flails
 + Level 6.5 Armour
 + Level 7.1 Dodging
 + Level 3.4 Stealth
 + Level 1.6 Shields


You had 8 spell levels left.
You didn't know any spells.
Your spell library was empty.

Dungeon Overview and Level Annotations

Branches:
Dungeon (1/1)

Altars:
Cheibriados
Dithmenos
Elyvilon
Fedhas
Gozag
Hepliaklqana
Kikubaaqudgha
Makhleb
Nemelex Xobeh
Okawaru
Qazlal
Ru
Sif Muna
Trog
Uskayaw
Vehumet
Wu Jian
Xom
Yredelemnul
Zin
The Shining One
Beogh
Jiyva
Lugonu

Shops:
D ::!?!==[!(=*[*:

Annotations:
D exclusion: oklob plant


Innate Abilities, Weirdness & Mutations

You are immune to sickness and miasma.
Your stone body is resilient. (AC +6)
You are immune to poison.
You resist negative energy. (rN+)
You are resistant to electric shocks. (rElec)
You are resistant to unholy torment.
You are immune to petrification.
You tend to lose your temper in combat.
Armour fits poorly on your strangely shaped body.
You are dopey. (Int -2)
You are very frail. (-20% HP)
You sometimes lose the ability to read scrolls when taking damage.


Message History

The boulder beetle bites you.
You hit the boulder beetle but do no damage.
The boulder beetle is heavily wounded.
You barely miss the boulder beetle.
The boulder beetle is heavily wounded.
You hit the boulder beetle but do no damage.
The boulder beetle is heavily wounded.
The boulder beetle bites you.
You hit the boulder beetle.
The boulder beetle is heavily wounded.
You hit the boulder beetle.
The boulder beetle is severely wounded.
The boulder beetle barely misses you.
You barely miss the boulder beetle.
The boulder beetle is severely wounded.
You sock the boulder beetle!
The boulder beetle is severely wounded.
The boulder beetle leaps!
The boulder beetle curls into a ball and begins rolling!
You feel a strong urge to attack something.
You are no longer berserk.
You are exhausted.
You feel yourself slow down. The boulder beetle misses you.
The boulder beetle stops rolling and uncurls.
The boulder beetle leaps!
Tentacles burst out of the water! 4 tentacles come into view.
The boulder beetle leaps!
The tentacle slaps you.
You feel threatened and lose the ability to read scrolls!
You closely miss the tentacle. The tentacle misses you. The tentacle slaps you!
You are too injured to fight recklessly!
You are too injured to fight recklessly!
You are too injured to fight recklessly!
You are too injured to fight recklessly!
You are too injured to fight recklessly!
You are too injured to fight recklessly!
Unknown command.
The tentacle slaps you!!
You die...

#}:▓)((..)()▓▓
#)[▓..B.)(..▓▓
+.##.#:)▓..(.(...▓▓
...####▓[..:[...▓▓
#..##B#▓.().(.([▓▓
+^.#..#▓.[....).▓▓
#..#..#▓[.)..[(.▓▓
###..##.#▓[..(..[.▓▓
.###...##▓▓▓▓▓▓▓@▓▓▓▓+▓
...≈≈≈≈≈≈≈≈†≈≈≈≈.w─Xw≈▓
§.§)#+########'###w≈w≈▓
≈..≈#..._._._#§≈§##≈≈≈▓
≈≈§≈#_._._._.#≈§≈§####▓
≈≈≈≈#._._._._#≈§§§≈#
§≈≈≈#_._._._.#§≈≈§≈§
≈§≈≈#._._._..#§§≈§§≈
##≈≈#_._._...#≈≈§§§S


You could see a kraken, a boulder beetle and 4 tentacles.

Vanquished Creatures
  A boulder beetle (D)
  2 polar bears (D)
  A hornet (D)
  4 neqoxecs (D)
  Menkaure (D)
  2 water moccasins (D)
  4 necrophages (D)
  A hell rat (D)
  3 worms (D)
19 creatures vanquished.

Vanquished Creatures (others)
  A yaktaur (D)
  A polar bear (D)
  2 water moccasins (D)
  8 tentacles (D)
12 creatures vanquished.

Grand Total: 31 creatures vanquished

Notes
Turn   | Place    | Note
-------+----------+-------------------------------------------
     0 | D        | mhtbhm the Gargoyle Berserker began the quest for the Orb.
     0 | D        | Reached XP level 1. HP: 14/14 MP: 1/1
     1 | D        | Noticed a necrophage
     1 | D        | Noticed a necrophage
     1 | D        | Noticed a necrophage
     1 | D        | Noticed a necrophage
     7 | D        | Killed a necrophage
     8 | D        | Reached XP level 2. HP: 23/23 MP: 2/2
     8 | D        | Reached XP level 3. HP: 28/28 MP: 3/3
     8 | D        | Reached XP level 4. HP: 32/32 MP: 4/4
    10 | D        | Killed a necrophage
    11 | D        | Reached XP level 5. HP: 39/39 MP: 5/5
    15 | D        | Killed a necrophage
    15 | D        | Reached ** piety under Trog
    16 | D        | Reached XP level 6. HP: 46/46 MP: 6/6
    21 | D        | Killed a necrophage
    22 | D        | Reached skill level 5 in Armour
   120 | D        | Noticed Menkaure
   120 | D        | Noticed a boulder beetle
   120 | D        | Noticed a boulder beetle
   124 | D        | Killed Menkaure
   125 | D        | Reached skill level 10 in Fighting
   135 | D        | Killed a water moccasin
   308 | D        | Reached *** piety under Trog
   458 | D        | Noticed a neqoxec
   458 | D        | Noticed a neqoxec
   458 | D        | Noticed a neqoxec
   458 | D        | Noticed a neqoxec
   462 | D        | Gained mutation: You are dopey. (Int -2) [a neqoxec]
   463 | D        | Killed a neqoxec
   464 | D        | Reached skill level 10 in Maces & Flails
   464 | D        | Reached XP level 7. HP: 53/53 MP: 7/7
   467 | D        | Killed a neqoxec
   467 | D        | Reached **** piety under Trog
   468 | D        | Reached skill level 1 in Stealth
   473 | D        | Killed a neqoxec
   479 | D        | Gained mutation: You are frail. (-10% HP) [a neqoxec]
   480 | D        | Gained mutation: Armour fits poorly on your strangely
                  | shaped body. [a neqoxec]
   481 | D        | Gained mutation: You tend to lose your temper in combat. [a
                  | neqoxec]
   486 | D        | Gained mutation: You are very frail. (-20% HP) [a neqoxec]
   492 | D        | Gained mutation: You sometimes lose the ability to read
                  | scrolls when taking damage. [a neqoxec]
   496 | D        | Killed a neqoxec
   497 | D        | Reached skill level 5 in Dodging
   497 | D        | Reached XP level 8. HP: 10/48 MP: 8/8
   736 | D        | Found Aheosm's Book Shop.
   737 | D        | Found Xaguatom's Assorted Antiques.
   737 | D        | Found Heosap's Jewellery Boutique.
   737 | D        | Found Acsaom's Distillery.
   737 | D        | Found Wuduafeq's Distillery.
   737 | D        | Found Teustuti's Antique Armour Shop.
   737 | D        | Found Kodih's Jewellery Shop.
   737 | D        | Found Valivad's Magic Scroll Boutique.
   737 | D        | Found Hoawnyt's Antique Armour Shop.
   737 | D        | Found Leppy's Jewellery Boutique.
   738 | D        | Found Arof's General Store.
   738 | D        | Found Umiwap's Antique Weapon Shop.
   738 | D        | Found Muiquk's Distillery.
   738 | D        | Found Manaiffa's Book Boutique.
   738 | D        | Noticed a polar bear
   862 | D        | Noticed a polar bear
   866 | D        | Noticed an oklob plant
   867 | D        | Found Ysunaf's Book Shoppe.
   897 | D        | Bought a ring of protection from fire for 300 gold pieces
   902 | D        | Bought a pair of glowing boots for 225 gold pieces
   985 | D        | Bought an amulet of reflection for 300 gold pieces
  1017 | D        | Found a glowing golden altar of the Shining One.
  1017 | D        | Found an ornate altar of the Wu Jian Council.
  1017 | D        | Found a stormy altar of Qazlal.
  1018 | D        | Found a shimmering altar of Xom.
  1018 | D        | Found a sacrificial altar of Ru.
  1018 | D        | Found a hazy altar of Hepliaklqana.
  1030 | D        | Found a viscous altar of Jiyva.
  1030 | D        | Found a shimmering blue altar of Sif Muna.
  1033 | D        | Identified the +7 dagger of Kihivixy {freeze, Dex+4}
  1036 | D        | Found a snail-covered altar of Cheibriados.
  1036 | D        | Found an ancient bone altar of Kikubaaqudgha.
  1036 | D        | Found a bloodstained altar of Trog.
  1036 | D        | Found a basalt altar of Yredelemnul.
  1037 | D        | Found a shadowy altar of Dithmenos.
  1037 | D        | Found a corrupted altar of Lugonu.
  1037 | D        | Found a hide-covered altar of Uskayaw.
  1038 | D        | Found a white marble altar of Elyvilon.
  1038 | D        | Found a burning altar of Makhleb.
  1039 | D        | Found a glowing silver altar of Zin.
  1039 | D        | Found a radiant altar of Vehumet.
  1345 | D        | Killed a boulder beetle
  1654 | D        | Noticed a polar bear
  1676 | D        | Killed a polar bear
  1677 | D        | Reached XP level 9. HP: 31/54 MP: 9/9
  1787 | D        | Noticed a hornet
  1793 | D        | Noticed a yaktaur
  1794 | D        | Noticed a polar bear
  1818 | D        | Killed a hornet
  1961 | D        | Killed a yaktaur
  2036 | D        | Noticed a polar bear
  2039 | D        | Found a sparkling altar of Nemelex Xobeh.
  2039 | D        | Found a blossoming altar of Fedhas.
  2040 | D        | Found an iron altar of Okawaru.
  2040 | D        | Found an opulent altar of Gozag.
  2048 | D        | Killed a polar bear
  2055 | D        | Killed a polar bear
  2056 | D        | Reached skill level 1 in Shields
  2074 | D        | Noticed a kraken
  2373 | D        | Reached ***** piety under Trog
  2403 | D        | Slain by a tentacle

Illustrated notes

Levels and vault maps discovered:
D:        the_violet_keep_of_menkaure [sprint2_stairs_cluster_1,
          sprint2_shoproom, sprint2_temple, sprint2_basic_supplies,
          sprint2_obstacle_7, sprint2_obstacle_5, sprint2_obstacle_4,
          sprint2_obstacle_1, sprint2_obstacle_6, sprint2_timed_cluster_1,
          sprint2_smallroom_cluster_1, sprint2_smallroom_final_cluster_1,
          sprint2_transparent_cluster_1, sprint2_second_timed_cluster_1,
          sprint2_sniper_area_1, sprint2_heavy_combat_area_1,
          sprint2_mutation_trap_area_1, sprint2_forest_area_1,
          sprint2_light_combat_area_1, sprint2_behind_water_1,
          sprint2_near_end_vault_1]

Skill      XL: |  1  2  3  4  5  6  7  8  9 |
---------------+----------------------------+-----
Fighting       | 6 8 9 10 11 13 14 | 14.0
Maces & Flails | 6 7 8 10 11 13 14 | 14.2
Armour         | 3 4 5 6 |  6.5
Dodging        | 2 3 4 5 6 7 |  7.1
Stealth        | 1 2 3 |  3.4
Shields        | 1 |  1.6

Action                   |  1- 3 |  4- 6 |  7- 9 || total
-------------------------+-------+-------+-------++-------
Melee: Mace              |     5 |    37 |   167 ||   209
Invok: Berserk           |     1 |     2 |     6 ||     9
Armor: Animal skin       |       |     3 |    31 ||    34
       Ring mail         |       |       |     8 ||     8
Dodge: Dodged            |     1 |     9 |    89 ||    99
Block: Other             |       |       |    18 ||    18
       Reflection        |       |       |     1 ||     1

Table legend: (Time is in decaauts)
 A = Elapsed time spent in this place.
 B = Non-inter-level travel time spent in this place.
 C = Inter-level travel time spent in this place.
 D = Time resting spent in this place.
 E = Time spent auto-exploring this place.
 F = Levels seen in this place.
 G = Mean time per level.
                   A        B        C        D        E       F      G
               +--------+--------+--------+--------+--------+-----+--------+
         Total |   2429 |   2429 |      0 |   1658 |      0 |   1 | 2429.0 |
       Dungeon |   2429 |   2429 |      0 |   1658 |      0 |   1 | 2429.0 |
               +--------+--------+--------+--------+--------+-----+--------+

Top non-repeatable levels by time:
       D: 2429 daAuts
